 Dungeon Crawl Stone Soup version 0.27-a0-906-g0a00ce863d (webtiles) character file.

Game seed: 10228398173671422863

56 Canard the Poker (level 3, -3/31 HPs)
             Began as a Merfolk Berserker on Apr 6, 2021.
             Was a Believer of Trog.
             Slain by Crazy Yiuf
             ... wielding a +2 quarterstaff of chaos
              (17 damage)
             ... on level 2 of the Dungeon.
             The game lasted 00:03:19 (2228 turns).

Canard the Poker (Merfolk Berserker)                Turns: 2228, Time: 00:03:20

Health: -3/31      AC:  9    Str: 18    XL:     3   Next: 95%
Magic:  3/3        EV:  8    Int:  6    God:    Trog [**....]
Gold:   42         SH:  0    Dex: 13    Spells: 2/2 levels left

rFire    + . .     SeeInvis .   a - +0 spear {polearm}
rCold    . . .     Faith    .   (no shield)
rNeg     . . .     Spirit   .   k - +1 chain mail {rF+}
rPois    .         Reflect  .   (no helmet)
rElec    .         Harm     .   (no cloak)
rCorr    .         Rampage  .   (no gloves)
Will     .....                  (no boots)
Stlth    ..........             (no amulet)
HPRegen  0.10/turn              (no ring)
MPRegen  0.08/turn              (no ring)

@: mighty, on berserk cooldown, slowed, very slow
A: (nimble swimmer 2), mertail
a: Renounce Religion, Berserk, Trog's Hand


You were on level 2 of the Dungeon.
You worshipped Trog.
Trog was pleased with you.
You visited 1 branch of the dungeon, and saw 2 of its levels.

You collected 42 gold pieces.


Innate Abilities, Weirdness & Mutations

((You are quick and stealthy near water. (Stealth+, EV+, Speed+++)))
Your lower body shifts to a powerful aquatic tail in water.


   Skills:
 + Level 4.3 Fighting
 + Level 5.8 Polearms
 - Level 1.3 Armour
 - Level 2.6 Dodging


You had 2 spell levels left.
You didn't know any spells.
Your spell library contained the following spells:

 Spells                   Type           Power      Damage    Failure   Level
 Magic Dart               Conj           0%         1d3       100%        1
 Blink                    Tloc           N/A        N/A       100%        2
 Call Imp                 Summ           0%         N/A       100%        2
 Slow                     Hex            0%         N/A       100%        2
 Confusing Touch          Hex            0%         N/A       100%        3
 Conjure Flame            Conj/Fire      0%         6-21      100%        3
 Gell's Gravitas          Tloc           0%         N/A       100%        3
 Mephitic Cloud           Conj/Pois/Air  0%         N/A       100%        3
 Petrify                  Tmut/Erth      0%         N/A       100%        4
 Metabolic Englaciation   Hex/Ice        0%         N/A       100%        5
 Yara's Violent Unravell  Hex/Tmut       0%         3d3       100%        5

Inventory:

Hand Weapons
 a - a +0 spear (weapon) {polearm}
 e - a +1 dagger of protection {short}
   (You took it off a goblin on level 1 of the Dungeon)
 h - a +0 whip of freezing {mace}
   (You took it off a kobold on level 1 of the Dungeon)
Missiles
 c - 40 stones {throwing}
 g - 24 sling bullets
Armour
 b - a +0 animal skin
 k - a +1 chain mail of fire resistance (worn)
   (You found it on level 2 of the Dungeon)
Scrolls
 f - 2 scrolls of teleportation {unknown}
 i - a scroll of fog {unknown}
 m - a scroll of magic mapping {unknown}
Potions
 d - 3 potions of curing {@q1}
 j - a potion of resistance {unknown}
 l - a potion of attraction {unknown}
 n - a potion of heal wounds {unknown}

Dungeon Overview and Level Annotations

Branches:
Dungeon (2/15)

Altars:

Annotations:
D:2 Crazy Yiuf

##♣♣♣♣♣
###..@♣.♣♣♣ ###
##...PPg♣..♣#...#
#.....P♣♣♣♣.'...#
###########..#.P♣♣
♣♣#..)#
.............##♣♣
### #####....#####
.......#..#
#####.....# ### #
#.#.#.# #.#


You could see Crazy Yiuf (berserk).


Message History

You continue putting on your +1 chain mail of fire resistance. x5
You finish putting on your +1 chain mail of fire resistance.
You feel resistant to fire. 😮 HP[+1] Unknown command.
You feel yourself speed up.
You recover from your berserk rage.
There is a stone staircase leading down here.
A goblin comes into view. It is wielding a +0 dagger.
The goblin shouts! 😎 HP[+11]
Your hp is fully restored (30).
You reach to attack!
You hit the goblin. You hit the goblin.
The goblin hits you with a +0 dagger. 😕 HP[-2]
You take 2 damage, and now have 28/30 hp.
You barely miss the goblin. The goblin barely misses you.
You barely miss the goblin. You hit the goblin.
You kill the goblin!
Trog accepts your kill.
No target in view!
m - a scroll labelled EFASOIRECIDGH 😎 HP[+2]
Your hp is fully restored (30).
An endoplasm comes into view.
The endoplasm quivers.
You reach to attack!
You hit the endoplasm. You hit the endoplasm.
You kill the endoplasm!
Trog accepts your kill. 😎 HP[+1]
You now have 31 max hp (+1).
Your hp is fully restored (31).
No target in view!
A rat comes into view.
You reach to attack!
You barely miss the rat. You closely miss the rat.
The rat bites you but does no damage.
You barely miss the rat. You hit the rat.
You kill the rat!
Trog accepts your kill.
No target in view!
d - 4 silvery potions (gained 1)
You see here an adder corpse.
You see here a +0 dagger {short}.
You see here a +0 club {mace}.
You open the door.
There is an open door here.
n - a yellow potion
There is an open door here.
You see here a +0 great sword {long}.
Your legs become a tail as you enter the water.
Your legs become a tail as you enter the water.
Your legs become a tail as you enter the water.
Found a faded altar of an unknown god.
f - 2 scrolls labelled VUZI OCVANICH (gained 1)
Your legs become a tail as you enter the water.
Your legs become a tail as you enter the water.
You see here a +0 great sword {long}.
Crazy Yiuf shouts!
Crazy Yiuf screams, "Two!
Goldfish testudinal water."
You open the door.
A red film seems to cover your vision as you go berserk!
You feel yourself moving faster!
You feel mighty!
Crazy Yiuf whimpers, "Trifle noodlescoop sing!"
Crazy Yiuf hits you with a +2 quarterstaff of chaos.
Crazy Yiuf freezes you. 😕 HP[+6]
You now have 46 max hp (+15).
You regained 6 hp, and now have 37/46 hp.
You closely miss Crazy Yiuf.
Crazy Yiuf drinks a potion.
Crazy Yiuf goes berserk!
You barely miss Crazy Yiuf.
Crazy Yiuf hits you with a +2 quarterstaff of chaos!
* * * LOW HITPOINT WARNING * * *
You feel very mighty all of a sudden. 😮 HP[-11]
You take 11 damage, and now have 26/46 hp.
MASSIVE DAMAGE!! (PAUSE)
You hit Crazy Yiuf.
Crazy Yiuf hits you with a +2 quarterstaff of chaos!
* * * LOW HITPOINT WARNING * * *
😨 HP[-14]
You take 14 damage, and now have 12/46 hp.
MASSIVE DAMAGE!! (PAUSE)
You closely miss Crazy Yiuf.
Unknown command.
You feel a strong urge to attack something.
You feel your anger nearly subside.
You are no longer berserk.
You are exhausted.
You feel yourself slow down. 😨 HP[-4]
You now have 31 max hp (-15).
Unknown command.
Crazy Yiuf misses you.
It was a potion of curing.
You feel better.
Crazy Yiuf hits you with a +2 quarterstaff of chaos!
Ouch! That really hurt!
You die...

Skill      XL: |  1  2  3 |
---------------+----------+-----
Polearms       | 5 |  5.8
Fighting       | 4 |  4.3
Armour         | |  1.3
Dodging        | |  2.6

Action                   || total
-------------------------++-------
Melee: Spear             ||   155
Invok: Berserk           ||     3
  Use: Potion            ||     1
 Stab: Sleeping          ||     2
Armor: Animal skin       ||    23
       Chain mail        ||     1
Dodge: Dodged            ||    57

Levels and vault maps discovered:
D:1:      lightli_arrival_statue_moat, layout_basic
D:2:      layout_loops_ring, shapermc_ecumenical_altar_hornbeckon,
          kennysheep_generic_room_13, uniq_crazy_yiuf_cottage

Notes
Turn   | Place    | Note
-------+----------+-------------------------------------------
     0 | D:1      | Canard the Merfolk Berserker began the quest for the Orb.
     0 | D:1      | Reached XP level 1. HP: 18/18 MP: 1/1
     0 | D:1      | magus.rc [v1.9.6]
   180 | D:1      | Reached XP level 2. HP: 23/24 MP: 2/2
   270 | D:1      | Reached skill level 5 in Polearms
   639 | D:1      | You pick up a book of Misfortune {forbidden} and begin
                  | reading...
   639 | D:1      | You add the spells Confusing Touch, Gell's Gravitas,
                  | Petrify, Metabolic Englaciation and Yara's Violent
                  | Unravelling to your library.
   661 | D:1      | Reached XP level 3. HP: 30/30 MP: 3/3
   679 | D:1      | Reached skill level 4 in Fighting
   810 | D:1      | You pick up a book of Minor Magic {forbidden} and begin
                  | reading...
   810 | D:1      | You add the spells Magic Dart, Blink, Call Imp, Slow,
                  | Conjure Flame and Mephitic Cloud to your library.
  1049 | D:1      | Reached ** piety under Trog
  1471 | D:2      | Found a runed translucent door.
  1472 | D:2      | Noticed Crazy Yiuf
  2151 | D:2      | Found a faded altar of an unknown god.
  2228 | D:2      | Slain by Crazy Yiuf

Vanquished Creatures
  An adder (D:2)
  4 bats (D:1)
  4 endoplasms
  A giant cockroach (D:1)
  6 goblins
  A hobgoblin (D:2)
  6 jackals (D:1)
  5 kobolds
  3 quokkas (D:1)
  4 ball pythons (D:1)
  6 rats
41 creatures vanquished.

Table legend:
 A = Non-vault XP
 B = Vault XP
 C = Vault XP percentage of total XP
 D = Non-vault monster count
 E = Vault monster count
 F = Vault count percentage of total count
                 A         B        C        D         E       F
            +---------+---------+-------+---------+---------+-------
      Total |      80 |       0 |   0.0 |      41 |       0 |   0.0
            +---------+---------+-------+---------+---------+-------
        D:1 |      58 |       0 |   0.0 |      34 |       0 |   0.0
        D:2 |      22 |       0 |   0.0 |       7 |       0 |   0.0
            +---------+---------+-------+---------+---------+-------

Illustrated notes

Table legend:
 A = Kills in this place as a percentage of kills in entire the game.
 B = Kills by you in this place as a percentage of kills by you in the entire game.
 C = Kills by friends in this place as a percentage of kills by friends in the entire game.
 D = Other kills in this place as a percentage of other kills in the entire game.
 E = Experience gained in this place as a percentage of experience gained in the entire game.
 F = Experience gained in this place divided by the number of levels of this place that you have seen.
                   A       B       C       D       E      F
               +-------+-------+-------+-------+-------+----------------------
         Total | 100.0 | 100.0 |   N/A |   N/A | 100.0 |  40.0
       Dungeon | 100.0 | 100.0 |   N/A |   N/A | 100.0 |  40.0
               +-------+-------+-------+-------+-------+----------------------

Table legend: (Time is in decaauts)
 A = Elapsed time spent in this place.
 B = Non-inter-level travel time spent in this place.
 C = Inter-level travel time spent in this place.
 D = Time resting spent in this place.
 E = Time spent auto-exploring this place.
 F = Levels seen in this place.
 G = Mean time per level.
                   A        B        C        D        E       F      G
               +--------+--------+--------+--------+--------+-----+--------+
         Total |   2207 |   2187 |     20 |      0 |   1919 |   2 | 1103.5 |
       Dungeon |   2207 |   2187 |     20 |      0 |   1919 |   2 | 1103.5 |
               +--------+--------+--------+--------+--------+-----+--------+

Top non-repeatable levels by time:
     D:1: 1298 daAuts
     D:2: 909 daAuts
